[Event "Titled Tuesday Blitz June 21 Early 2022"]
[White "Gubajdullin, Alexei"]
[Black "Steinberg, Nitzan"]
[WhiteFideId "4141202"]
[BlackFideId "2801795"]
[WhiteElo "2583"]
[BlackElo "2820"]
[Result "0-1"]
[Round "02"]
[TimeControl "180+1"]
[Date "2022.06.22"]
[WhiteClock "0:00:40"]
[BlackClock "0:00:05"]

1. d4 d5 2. Nf3 Nf6 3. Bf4 e6 4. e3 Bd6 5. Ne5 c5 6. Nd2 O-O 7. c3 Nc6 8. Bg3 Qc7 9. f4 Ne4 10. Nxe4 dxe4 11. Nc4 cxd4 12. Nxd6 Qxd6 13. exd4 f5 14. Bc4 Ne7 15. O-O Bd7 16. Bb3 b5 17. a4 bxa4 18. Bxa4 Bxa4 19. Qxa4 a5 20. Bh4 Nd5 21. Ra2 Rfb8 22. Bg3 Qa6 23. Rfa1 Qe2 24. Qd1 Qxd1+ 25. Rxd1 a4 26. Be1 Nxf4 27. Rda1 Nd3 28. b4 Rc8 29. Bd2 f4 30. Kf1 g5 31. Ke2 e5 32. dxe5 Nxe5 33. Rxa4 Rxa4 34. Rxa4 Kf7 35. Ra5 Ke6 36. Ra6+ Kf5 37. b5 e3 38. Be1 Ke4 39. b6 g4 40. Ra4+ Kf5 41. b7 Rb8 42. Rb4 h5 43. g3 f3+ 44. Kxe3 Nc6 45. Rb6 Ne7 46. c4 Re8 47. b8=Q Nd5+ 48. Kf2 Re2+ 49. Kf1 Ne3+ 50. Kg1 Rxe1+ 51. Kf2 Re2+ 52. Kg1 f2+ 0-1


[Site "https://www.chess.com"]

[Event "Titled Tuesday Blitz June 21 Early 2022"]
[White "Guz, Ari"]
[Black "Goltsev, Dmitry"]
[WhiteFideId "2825759"]
[BlackFideId "24176710"]
[WhiteElo "1913"]
[BlackElo "2258"]
[Result "0-1"]
[Round "02"]
[TimeControl "180+1"]
[Date "2022.06.21"]
[WhiteClock "0:00:15"]
[BlackClock "0:01:04"]

1. e4 e6 2. Nf3 d5 3. Qe2 c5 4. exd5 Qxd5 5. Nc3 Qd8 6. g3 Nc6 7. Bg2 Nf6 8. O-O Be7 9. d3 O-O 10. Ne4 Nxe4 11. dxe4 Nd4 12. Nxd4 cxd4 13. Rd1 e5 14. c3 Be6 15. cxd4 exd4 16. Be3 Bf6 17. f4 Qb6 18. Bf2 Rfd8 19. f5 Bd7 20. e5 Bb5 21. Qe1 Bg5 22. h4 Be3 23. Kh2 Rac8 24. Bxe3 dxe3 25. Rxd8+ Rxd8 26. Qc3 h6 27. Re1 e2 28. e6 fxe6 29. f6 Qd4 30. Qb3 Bc4 31. f7+ Kf8 32. Qb4+ Kxf7 33. Qxb7+ Kg8 34. Qf3 Qd2 35. Qf2 Rf8 36. Qg1 Rf1 37. Qxa7 Qxe1 38. Qa8+ Rf8 0-1


[Site "https://www.chess.com"]

[Event "Titled Tuesday Blitz June 21 Early 2022"]
[White "Halkias, Stelios"]
[Black "Leve, Nitai"]
[WhiteFideId "4201809"]
[BlackFideId "2006898"]
[WhiteElo "2748"]
[BlackElo "2435"]
[Result "1-0"]
[Round "02"]
[TimeControl "180+1"]
[Date "2022.06.22"]
[WhiteClock "0:02:26"]
[BlackClock "0:01:16"]

1. Nf3 d5 2. d4 Nf6 3. c4 c6 4. Nc3 dxc4 5. e4 b5 6. Be2 e6 7. O-O Bb7 8. a4 b4 9. e5 bxc3 10. exf6 cxb2 11. fxg7 bxa1=Q 12. gxh8=Q Nd7 13. Bxc4 Qf6 14. Qxf6 Nxf6 15. Qb3 O-O-O 16. Bb2 1-0


[Site "https://www.chess.com"]

[Event "Titled Tuesday Blitz June 21 Early 2022"]
[White "Hamidi, Amir Mohammad"]
[Black "Deviprasath, Sharvesh"]
[WhiteFideId "12563285"]
[BlackFideId "30938228"]
[WhiteElo "2283"]
[BlackElo "2102"]
[Result "1-0"]
[Round "02"]
[TimeControl "180+1"]
[Date "2022.06.22"]
[WhiteClock "0:02:12"]
[BlackClock "0:00:33"]

1. Nf3 Nf6 2. g3 g6 3. Bg2 Bg7 4. O-O O-O 5. d4 d6 6. b3 a5 7. Bb2 a4 8. c4 Nc6 9. d5 Na5 10. Nbd2 c5 11. Bc3 Bf5 12. Re1 e6 13. e4 Bg4 14. Qc2 Bxf3 15. Nxf3 e5 16. Rab1 Nd7 17. Bh3 f5 18. exf5 gxf5 19. Bxf5 Qf6 20. Bxh7+ Kh8 21. Nh4 Qh6 22. Ng6+ Kxh7 23. Nxf8+ 1-0


[Site "https://www.chess.com"]

[Event "Titled Tuesday Blitz June 21 Early 2022"]
[White "Hartikainen, Jarmo"]
[Black "Vusatiuk, Vladimir"]
[WhiteFideId "503134"]
[BlackFideId "14118610"]
[WhiteElo "2154"]
[BlackElo "2157"]
[Result "0-1"]
[Round "02"]
[TimeControl "180+1"]
[Date "2022.06.22"]
[WhiteClock "0:01:34"]
[BlackClock "0:01:59"]

1. e4 e6 2. d4 d5 3. Nc3 Nf6 4. Bg5 dxe4 5. Nxe4 Be7 6. Bxf6 gxf6 7. Nf3 f5 8. Ng3 h5 9. h4 c5 10. Be2 Nc6 11. c3 cxd4 12. Nxd4 Nxd4 13. Qxd4 Qxd4 14. cxd4 Bb4+ 15. Kf1 Ke7 16. Nxh5 Bd6 17. Rh3 Bd7 18. Rc1 Bc6 19. a3 Rag8 20. Ng3 Bxg3 21. Rxg3 Rxh4 22. Rxg8 Rh1# 0-1


[Site "https://www.chess.com"]

[Event "Titled Tuesday Blitz June 21 Early 2022"]
[White "Heinemann, Josefine"]
[Black "Vakhlamov, Igor L."]
[WhiteFideId "12900460"]
[BlackFideId "24126748"]
[WhiteElo "2445"]
[BlackElo "2755"]
[Result "1/2-1/2"]
[Round "02"]
[TimeControl "180+1"]
[Date "2022.06.22"]
[WhiteClock "0:00:41"]
[BlackClock "0:00:22"]

1. e4 c5 2. Nf3 Nc6 3. Bb5 Nf6 4. e5 Nd5 5. O-O Nc7 6. Bxc6 dxc6 7. d3 Bg4 8. h3 Bh5 9. Nc3 e6 10. Ne4 Be7 11. Bf4 O-O 12. Bg3 Nb5 13. c3 Qd7 14. Qe2 h6 15. Rad1 Nc7 16. c4 Rfd8 17. Qe3 b6 18. Bf4 Kh7 19. Kh2 Qe8 20. g4 Bg6 21. Bg3 Na6 22. a3 b5 23. b3 bxc4 24. bxc4 Rab8 25. Rb1 Rxb1 26. Rxb1 Rb8 27. Rxb8 Qxb8 28. Nh4 Bxh4 29. Bxh4 Qb3 30. Nxc5 Qxa3 31. Nd7 Qxd3 32. Qxa7 Be4 33. Nf8+ Kg8 34. Qa8 Nc7 35. Qc8 Qf3 36. Nxe6+ Kh7 37. Nf8+ Kg8 38. Ng6+ Kh7 39. Nf8+ Kg8 40. Ng6+ Kh7 41. Nf8+ 1/2-1/2


[Site "https://www.chess.com"]

[Event "Titled Tuesday Blitz June 21 Early 2022"]
[White "Horak, Martin"]
[Black "Xu, Yinglun"]
[WhiteFideId "367095"]
[BlackFideId "8604940"]
[WhiteElo "1997"]
[BlackElo "2544"]
[Result "1-0"]
[Round "02"]
[TimeControl "180+1"]
[Date "2022.06.22"]
[WhiteClock "0:00:38"]
[BlackClock "0:00:19"]

1. e4 c5 2. Nc3 a6 3. Nge2 d6 4. g3 Nf6 5. Bg2 g6 6. O-O Bg7 7. d4 cxd4 8. Nxd4 O-O 9. h3 Bd7 10. Re1 Nc6 11. Be3 Rc8 12. Nd5 Nxd5 13. exd5 Nxd4 14. Bxd4 Bxd4 15. Qxd4 Rxc2 16. Rac1 Rxc1 17. Rxc1 Qa5 18. a3 Rc8 19. Rxc8+ Bxc8 20. Qe3 Qc7 21. h4 h5 22. Bf3 Bf5 23. Kg2 Kg7 24. Qd4+ f6 25. Qe3 b5 26. b4 Qd7 27. Qb6 Qc8 28. Qe3 e5 29. dxe6 Bxe6 30. Qd4 d5 31. Qe3 Qd7 32. Qd4 Bf7 33. Bd1 Qf5 34. Bf3 Qd7 35. Bd1 Qd6 36. Bf3 Qc6 37. Qe3 Qc7 38. Qd4 Qc4 39. Qb6 d4 40. Qxa6 Bd5 41. Qa7+ Kh6 42. Qe7 Bxf3+ 43. Kxf3 Qd5+ 44. Qe4 Qd6 45. Qf4+ 1-0


[Site "https://www.chess.com"]

[Event "Titled Tuesday Blitz June 21 Early 2022"]
[White "Ianov, Viktor"]
[Black "Hoffmann, Asa"]
[WhiteFideId "14102730"]
[BlackFideId "2001470"]
[WhiteElo "2152"]
[BlackElo "2117"]
[Result "1-0"]
[Round "02"]
[TimeControl "180+1"]
[Date "2022.06.22"]
[WhiteClock "0:00:59"]
[BlackClock "0:00:26"]

1. Nf3 d6 2. g3 c6 3. d4 Bf5 4. Bg2 Nf6 5. c4 h6 6. Nc3 Nbd7 7. O-O e5 8. Re1 e4 9. Nd2 d5 10. cxd5 cxd5 11. Nb3 Bd6 12. f3 O-O 13. fxe4 dxe4 14. Rf1 Bg6 15. Bf4 Nb6 16. e3 Nc4 17. Qe2 Rc8 18. Rad1 a5 19. Bxd6 Qxd6 20. Nc5 Qe7 21. Qxc4 b6 22. N3a4 bxc5 23. Nxc5 Ng4 24. Rfe1 Qg5 25. Qc3 Rfe8 26. Qd2 Bh5 27. Rc1 Nf6 28. Qxa5 Bf3 29. Qd2 Rcd8 30. b4 Qh5 31. a4 Ng4 32. h3 Ne5 33. Qf2 Bxg2 34. Kxg2 Nd3 35. Nxd3 exd3 36. Rcd1 Qd5+ 37. Qf3 Qc4 38. Rf1 f6 39. b5 Qxa4 40. b6 Qb3 41. Rb1 Qc2+ 42. Qf2 Qc6+ 43. Kg1 Rb8 44. Rfc1 Qe6 45. g4 Rxb6 46. Rxb6 Qxb6 47. Qd2 Qd6 48. Kg2 Qd5+ 49. Kf2 Qd6 50. Kg2 Qd5+ 51. Kf2 Qg5 52. Qxd3 f5 53. gxf5 Rf8 54. Rc5 Qh4+ 55. Ke2 Qxh3 56. Qe4 Qh2+ 57. Kd3 Qa2 58. Qe6+ Qxe6 59. fxe6 Re8 60. d5 h5 61. e4 h4 62. Rc1 g5 63. Kd4 Kg7 64. Ke5 g4 65. d6 g3 66. d7 Rh8 67. e7 1-0


[Site "https://www.chess.com"]

[Event "Titled Tuesday Blitz June 21 Early 2022"]
[White "Jakubowska, Anna"]
[Black "Piesik, Piotr"]
[WhiteFideId "1121952"]
[BlackFideId "1136194"]
[WhiteElo "1878"]
[BlackElo "2247"]
[Result "1-0"]
[Round "02"]
[TimeControl "180+1"]
[Date "2022.06.22"]
[WhiteClock "0:00:25"]
[BlackClock "0:00:06"]

1. e4 g6 2. d4 Bg7 3. Nc3 c6 4. Be3 d5 5. f3 dxe4 6. fxe4 Nf6 7. Qd2 Ng4 8. O-O-O Nxe3 9. Qxe3 h5 10. Kb1 Bg4 11. Be2 Nd7 12. Nf3 Qa5 13. Bc4 e6 14. Rd2 Bxf3 15. Qxf3 Rf8 16. Rhd1 O-O-O 17. e5 Bh6 18. Rf2 Nb6 19. Bb3 Qb4 20. a3 Qe7 21. Ne4 Kb8 22. c3 Nd5 23. Bxd5 Rxd5 24. Rdf1 Rd7 25. Nc5 Rc7 26. Qf6 Bg5 27. Qg7 Kc8 28. Ne4 f5 29. exf6 Qxg7 30. fxg7 Rxf2 31. g8=Q+ 1-0


[Site "https://www.chess.com"]

[Event "Titled Tuesday Blitz June 21 Early 2022"]
[White "Jakubowski, Krzysztof"]
[Black "Zhigalko, Sergei"]
[WhiteFideId "1112848"]
[BlackFideId "13502956"]
[WhiteElo "2365"]
[BlackElo "2662"]
[Result "1-0"]
[Round "02"]
[TimeControl "180+1"]
[Date "2022.06.21"]
[WhiteClock "0:00:06"]
[BlackClock "0:00:01"]

1. e4 c5 2. Nf3 Nc6 3. d4 cxd4 4. Nxd4 Nf6 5. Nc3 e5 6. Ndb5 d6 7. Bg5 a6 8. Na3 b5 9. Nd5 Be7 10. Bxf6 Bxf6 11. c3 Bg5 12. Nc2 Ne7 13. Ncb4 O-O 14. a4 bxa4 15. Nxe7+ Qxe7 16. Bc4 a5 17. Qxa4 Bd7 18. Nd5 Qd8 19. Qc2 Kh8 20. O-O g6 21. Rad1 Bh6 22. b3 f5 23. exf5 gxf5 24. Kh1 Ra7 25. Qe2 Qh4 26. Nb6 Rf6 27. Nxd7 Rxd7 28. g3 Qh3 29. Bd5 f4 30. Rg1 Rg7 31. Qb5 Rf8 32. Bg2 Qh5 33. Rxd6 f3 34. Bf1 Bg5 35. Qxe5 Re8 36. Qd4 Rf8 37. Rd7 Bf6 38. Qd3 Rg6 39. Rd5 1-0


[Site "https://www.chess.com"]

[Event "Titled Tuesday Blitz June 21 Early 2022"]
[White "Jia, Haoxiang"]
[Black "Grigorov, Grigor"]
[WhiteFideId "8602999"]
[BlackFideId "2907313"]
[WhiteElo "2607"]
[BlackElo "2510"]
[Result "0-1"]
[Round "02"]
[TimeControl "180+1"]
[Date "2022.06.21"]
[WhiteClock "0:01:57"]
[BlackClock "0:01:22"]

1. e4 c6 2. d4 d5 3. exd5 cxd5 4. Bd3 Nf6 5. h3 g6 6. Nf3 Nc6 7. c3 Bf5 8. Be2 h5 9. Qb3 Qc7 10. g3 e6 11. Bf4 Bd6 12. Bxd6 Qxd6 13. Nbd2 Kf8 14. Kf1 Kg7 15. Kg2 Ne4 16. Rad1 Rab8 17. Nh4 b5 18. Nxe4 Bxe4+ 19. f3 g5 20. fxe4 gxh4 21. e5 Nxe5 22. dxe5 Qxe5 23. Qc2 Qxg3+ 24. Kf1 Rh6 0-1


[Site "https://www.chess.com"]

[Event "Titled Tuesday Blitz June 21 Early 2022"]
[White "Karas, Marek"]
[Black "Pappelis, Dimitrios"]
[WhiteFideId "14928558"]
[BlackFideId "4215281"]
[WhiteElo "2271"]
[BlackElo "1998"]
[Result "1-0"]
[Round "02"]
[TimeControl "180+1"]
[Date "2022.06.22"]
[WhiteClock "0:00:22"]
[BlackClock "0:00:13"]

1. d4 d5 2. Nf3 Nf6 3. c4 e6 4. g3 Be7 5. Bg2 O-O 6. O-O dxc4 7. Qc2 b5 8. a4 Bb7 9. axb5 a6 10. bxa6 Nxa6 11. Qxc4 Bd5 12. Qc3 c5 13. Na3 cxd4 14. Qxd4 Nc5 15. Qe3 Nb3 16. Rb1 Qa5 17. Bd2 Nxd2 18. Qxd2 Qxd2 19. Nxd2 Bxg2 20. Kxg2 Bxa3 21. bxa3 Rxa3 22. Ra1 Rfa8 23. Rxa3 Rxa3 24. Rb1 g6 25. Rb2 Kg7 26. h3 h5 27. e3 Ra1 28. Nf3 Nd5 29. Ne5 Kf6 30. Nc4 Rc1 31. Nd6 Rc6 32. Ne4+ Ke5 33. Nd2 Kf6 34. Kf3 Kg7 35. Ne4 Rc7 36. Nd6 Rd7 37. Nc4 Rc7 38. Nd2 Nf6 39. Ra2 Rb7 40. Nc4 Rc7 41. Nd6 Rd7 42. Nb5 Rb7 43. Nd4 Rd7 44. g4 hxg4+ 45. hxg4 Rb7 46. Ra8 Rd7 47. Nc6 Rc7 48. Ne5 Rb7 49. g5 Nd7 50. Ng4 Rc7 51. Nh6 Nf8 52. Kg3 Rb7 53. Ng4 Rc7 54. Nf6 Rb7 55. f3 Re7 56. e4 Rb7 57. Ne8+ Kg8 58. Nd6 Rd7 59. Ne8 Rb7 60. Kf4 Re7 61. Nf6+ Kg7 62. Ke5 Rb7 63. Ne8+ Kg8 64. Nd6 Rb5+ 65. Nxb5 Kg7 66. Nc7 Nd7+ 67. Kd6 Nb6 68. Rd8 Nc4+ 69. Ke7 Ne3 70. Ne8+ Kh7 71. Nf6+ 1-0


[Site "https://www.chess.com"]

[Event "Titled Tuesday Blitz June 21 Early 2022"]
[White "Karttunen, Mika"]
[Black "Durarbayli, Vasif"]
[WhiteFideId "502081"]
[BlackFideId "13402935"]
[WhiteElo "2343"]
[BlackElo "2528"]
[Result "0-1"]
[Round "02"]
[TimeControl "180+1"]
[Date "2022.06.21"]
[WhiteClock "0:00:08"]
[BlackClock "0:00:04"]

1. d4 Nf6 2. c4 e6 3. Nc3 Bb4 4. a3 Bxc3+ 5. bxc3 O-O 6. e3 b6 7. Bd3 Ba6 8. Ne2 d5 9. cxd5 exd5 10. Bxa6 Nxa6 11. Qd3 Qc8 12. c4 dxc4 13. Qxc4 c5 14. Bb2 b5 15. Qc2 cxd4 16. Qxc8 Rfxc8 17. Bxd4 Ne4 18. O-O Nac5 19. Rac1 Nd3 20. Rcd1 Ndxf2 21. Rxf2 Nxf2 22. Kxf2 a5 23. Rb1 Rab8 24. Rb2 b4 25. axb4 axb4 26. Nf4 b3 27. Ke2 f6 28. Kd2 Kf7 29. Nd3 Rb5 30. Nc1 Rcb8 31. Kc3 Rc8+ 32. Kd2 Rcb8 33. Ne2 Rh5 34. h3 Rg5 35. Nf4 h5 36. Kc3 Rgb5 37. Nd3 Rc8+ 38. Kd2 Rg5 39. Nf4 Rb5 40. Kd3 Rcb8 41. e4 Rc8 42. Nd5 f5 43. Rf2 g6 44. g4 hxg4 45. hxg4 Rc2 46. Rxc2 bxc2 47. Kxc2 fxe4 48. Ne3 Ke6 49. Kc3 Ra5 50. Bb6 Ra3+ 51. Kd4 Ra4+ 52. Kc3 Kf6 53. Bc7 Kg5 54. Bd6 Kh4 55. Be5 Kh3 56. g5 Kh4 57. Bf6 Kg3 58. Nc4 Kf4 59. Be5+ Kf5 60. Bf6 Kf4 61. Bd8 Ra8 62. Bf6 Re8 63. Kd2 Kf3 64. Ne5+ Kf2 65. Ng4+ Kg3 66. Ne3 Kf3 67. Nc4 e3+ 68. Ke1 Kf4 69. Ne5 Rxe5 70. Bxe5+ Kxe5 71. Ke2 Kf4 72. Ke1 Kxg5 0-1


[Site "https://www.chess.com"]

[Event "Titled Tuesday Blitz June 21 Early 2022"]
[White "Khan, Taffin"]
[Black "Jobava, Baadur"]
[WhiteFideId "19700024"]
[BlackFideId "13601520"]
[WhiteElo "2119"]
[BlackElo "2617"]
[Result "0-1"]
[Round "02"]
[TimeControl "180+1"]
[Date "2022.06.22"]
[WhiteClock "0:00:24"]
[BlackClock "0:02:38"]

1. e4 h5 2. d4 h4 3. Nc3 d6 4. f4 g6 5. Nf3 Bg7 6. Bd3 Bg4 7. Be3 h3 8. g3 Nc6 9. Be2 Nf6 10. Qd2 e6 11. O-O-O Ne7 12. Kb1 Qd7 13. e5 Nfd5 14. Nxd5 Nxd5 15. Bf2 O-O-O 16. c4 Nb6 17. Qc3 Qc6 18. Rc1 Qe4+ 19. Rc2 dxe5 20. fxe5 Bf5 21. Ng5 Qxh1+ 22. Be1 Rxd4 23. Qxd4 Qxe1+ 24. Qd1 Qxd1+ 25. Bxd1 Nxc4 0-1


[Site "https://www.chess.com"]

[Event "Titled Tuesday Blitz June 21 Early 2022"]
[White "Kononenko, Dmitry"]
[Black "Sukandar, Irine Kharisma"]
[WhiteFideId "14113538"]
[BlackFideId "7101937"]
[WhiteElo "2145"]
[BlackElo "2293"]
[Result "0-1"]
[Round "02"]
[TimeControl "180+1"]
[Date "2022.06.22"]
[WhiteClock "0:00:58"]
[BlackClock "0:01:02"]

1. e4 d5 2. exd5 Qxd5 3. Nc3 Qa5 4. d4 Nf6 5. Nf3 Bf5 6. Bd2 c6 7. Bc4 e6 8. Bb3 Qc7 9. Qe2 Be7 10. O-O-O Nbd7 11. Rhe1 O-O-O 12. h3 Nd5 13. Ne5 Nxe5 14. dxe5 h5 15. a3 h4 16. Kb1 Rd7 17. f4 Rhd8 18. Nxd5 cxd5 19. Be3 Kb8 20. Ba4 Rc8 21. Rd2 Rdd8 22. Bf2 Qa5 23. Bb3 Be4 24. Rg1 Rc6 25. Ka2 Rdc8 26. c3 Rxc3 27. Bd4 R3c6 28. Qe3 Ra6 29. Bc3 Rxc3 30. Qxc3 Bb4 31. Qd4 Bxa3 32. Ba4 Bb4 33. b3 Bxd2 34. f5 Bc3 35. Qe3 Qb4 36. Qc1 Rxa4+ 37. bxa4 Qxa4+ 38. Qa3 Qc2+ 39. Qb2 Qxb2# 0-1


[Site "https://www.chess.com"]

[Event "Titled Tuesday Blitz June 21 Early 2022"]
[White "Kopczynski, Michal"]
[Black "Mitrabha, Guha"]
[WhiteFideId "1124200"]
[BlackFideId "5057000"]
[WhiteElo "2425"]
[BlackElo "2744"]
[Result "1-0"]
[Round "02"]
[TimeControl "180+1"]
[Date "2022.06.22"]
[WhiteClock "0:01:02"]
[BlackClock "0:00:44"]

1. e4 e5 2. Nf3 Nc6 3. Bb5 a6 4. Ba4 Bc5 5. O-O Nge7 6. c3 Ba7 7. d4 Ng6 8. d5 Nce7 9. c4 O-O 10. Be3 d6 11. Nbd2 f5 12. exf5 Bxf5 13. Bxa7 Rxa7 14. Bc2 Bg4 15. h3 Bd7 16. Ng5 Rf4 17. g3 Rf6 18. Nde4 Rf8 19. Nxh7 Kxh7 20. Qh5+ Kg8 21. Ng5 Rf6 22. f4 exf4 23. Rae1 Nf5 24. Qh7+ Kf8 25. Rxf4 Ra8 26. Bxf5 Rxf5 27. Qxg6 1-0


[Site "https://www.chess.com"]

[Event "Titled Tuesday Blitz June 21 Early 2022"]
[White "Korchmar, Vasiliy"]
[Black "Estrada Nieto, Julian"]
[WhiteFideId "24131750"]
[BlackFideId "5101018"]
[WhiteElo "2370"]
[BlackElo "2252"]
[Result "1-0"]
[Round "02"]
[TimeControl "180+1"]
[Date "2022.06.22"]
[WhiteClock "0:00:55"]
[BlackClock "0:00:02"]

1. e4 e5 2. Nf3 Nc6 3. Nc3 Nf6 4. h3 g6 5. d4 exd4 6. Nxd4 Bg7 7. Nxc6 bxc6 8. Bc4 O-O 9. O-O d6 10. Bg5 h6 11. Bh4 Rb8 12. Bb3 Ba6 13. Re1 Qd7 14. Bxf6 Bxf6 15. e5 Bg7 16. e6 Qc8 17. exf7+ Kh7 18. Be6 Qd8 19. Ne4 Rxb2 20. Qg4 Rb5 21. Rab1 Qe7 22. Rxb5 cxb5 23. h4 Rxf7 24. h5 gxh5 25. Qxh5 Rf8 26. Bf5+ Kh8 27. Qg6 Rxf5 28. Qxf5 Bb7 29. Re3 Bd4 30. Re2 Qg7 31. Ng3 Be5 32. f4 Bd4+ 33. Kh2 Bf6 34. Re8+ 1-0


[Site "https://www.chess.com"]

[Event "Titled Tuesday Blitz June 21 Early 2022"]
[White "Kozak, Antoni"]
[Black "Vidonyak, Roman"]
[WhiteFideId "21832030"]
[BlackFideId "14100622"]
[WhiteElo "2320"]
[BlackElo "2413"]
[Result "1-0"]
[Round "02"]
[TimeControl "180+1"]
[Date "2022.06.22"]
[WhiteClock "0:02:51"]
[BlackClock "0:02:11"]

1. e4 c5 2. Nf3 d6 3. c3 Nf6 4. Be2 Nc6 5. d4 cxd4 6. cxd4 Nxe4 7. d5 Bd7 8. dxc6 Bxc6 9. O-O g6 10. Nd4 Bd7 11. Bf3 Nc5 12. b4 Ne6 13. Bxb7 Rb8 14. Nc6 Bxc6 15. Bxc6+ 1-0


[Site "https://www.chess.com"]

[Event "Titled Tuesday Blitz June 21 Early 2022"]
[White "Kozin, Yuri"]
[Black "Huber, Benedikt"]
[WhiteFideId "4129920"]
[BlackFideId "12923583"]
[WhiteElo "2587"]
[BlackElo "1979"]
[Result "1-0"]
[Round "02"]
[TimeControl "180+1"]
[Date "2022.06.22"]
[WhiteClock "0:01:40"]
[BlackClock "0:01:52"]

1. e4 c5 2. Nf3 e6 3. d4 cxd4 4. Nxd4 Nc6 5. Nb3 Nf6 6. Bd3 d5 7. exd5 exd5 8. O-O Bd6 9. Bg5 O-O 10. Nc3 Be7 11. Bh4 Re8 12. Re1 Bg4 13. Be2 Bf5 14. Bf3 d4 15. Ne2 d3 16. cxd3 Bxd3 17. Rc1 Bb4 18. Nc3 Rxe1+ 19. Qxe1 Nd4 20. Rd1 Nxf3+ 21. gxf3 Qd7 22. Qe3 Rd8 23. Nc1 1-0


[Site "https://www.chess.com"]

[Event "Titled Tuesday Blitz June 21 Early 2022"]
[White "Krallis, Christos"]
[Black "Gormally, Daniel W"]
[WhiteFideId "4298896"]
[BlackFideId "406465"]
[WhiteElo "2234"]
[BlackElo "2543"]
[Result "0-1"]
[Round "02"]
[TimeControl "180+1"]
[Date "2022.06.22"]
[WhiteClock "0:00:03"]
[BlackClock "0:00:54"]

1. d4 Nf6 2. c4 g6 3. Nc3 d5 4. Qa4+ Bd7 5. Qd1 dxc4 6. e4 c5 7. d5 Qc7 8. Nf3 Bg7 9. Bxc4 O-O 10. h3 b5 11. Bd3 c4 12. Bc2 b4 13. Ne2 e6 14. d6 Qb7 15. e5 Nd5 16. Nf4 Nxf4 17. Bxf4 Bc6 18. h4 Nd7 19. Qe2 Rac8 20. Ng5 b3 21. axb3 cxb3 22. Bd3 Bxg2 23. Rg1 Bd5 24. h5 Qb4+ 25. Bd2 Qd4 26. Nxh7 Nxe5 27. Nxf8 Nxd3+ 28. Kf1 Rxf8 29. Bc3 Qe4 30. Qxe4 Bxe4 31. Bxg7 Kxg7 32. hxg6 Bxg6 33. Rxa7 Rd8 34. d7 Nxb2 35. Rb7 Nc4 36. Ke2 b2 37. f4 Kf6 38. f5 Bxf5 39. Rf1 Ke7 40. Rxf5 exf5 41. Rb4 0-1


[Site "https://www.chess.com"]

[Event "Titled Tuesday Blitz June 21 Early 2022"]
[White "Kretchetov, Alexandre"]
[Black "Thiel, Thomas"]
[WhiteFideId "4124588"]
[BlackFideId "4615964"]
[WhiteElo "2499"]
[BlackElo "2214"]
[Result "0-1"]
[Round "02"]
[TimeControl "180+1"]
[Date "2022.06.22"]
[WhiteClock "0:00:20"]
[BlackClock "0:01:00"]

1. d4 Nf6 2. Bf4 d5 3. e3 c5 4. c3 Nc6 5. Nd2 Qb6 6. Qb3 c4 7. Qc2 h6 8. h3 g6 9. b3 Bf5 10. Qb2 cxb3 11. axb3 Bg7 12. Ngf3 O-O 13. Be2 e6 14. O-O Rfc8 15. Bh2 h5 16. Nh4 Ne4 17. Nxf5 exf5 18. Nxe4 fxe4 19. Rfb1 a5 20. Ra4 Qd8 21. Rba1 b6 22. Bf1 Bf8 23. c4 Nb4 24. Qe2 Nd3 25. f3 Bd6 26. Bxd6 Qxd6 27. fxe4 dxe4 28. Qd2 Nb4 29. Qf2 Kg7 30. g3 Qf6 31. Qf4 Qxf4 32. gxf4 Nc2 33. Rd1 Nxe3 34. Be2 Nxd1 35. Bxd1 b5 0-1


[Site "https://www.chess.com"]

[Event "Titled Tuesday Blitz June 21 Early 2022"]
[White "Ladan, Nicholas"]
[Black "Itkis, Boris"]
[WhiteFideId "30918855"]
[BlackFideId "1209167"]
[WhiteElo "2167"]
[BlackElo "2207"]
[Result "0-1"]
[Round "02"]
[TimeControl "180+1"]
[Date "2022.06.22"]
[WhiteClock "0:00:06"]
[BlackClock "0:00:20"]

1. d4 Nf6 2. c4 Nc6 3. Nf3 e6 4. a3 g6 5. g3 Bg7 6. Bg2 d6 7. O-O O-O 8. Nc3 e5 9. e4 Re8 10. d5 Nd4 11. Ne1 c5 12. Nd3 Bd7 13. f4 Bg4 14. Qd2 Nb3 15. Qe1 Nxa1 16. h3 Bd7 17. Qd1 Qb6 18. fxe5 dxe5 19. Bg5 Nb3 20. Bxf6 Bxf6 21. Rxf6 Qxf6 22. Qxb3 b6 23. Nd1 Qg5 24. Kh2 f5 25. exf5 gxf5 26. d6 Rad8 27. Qc3 f4 28. g4 e4 29. N3f2 f3 30. Bf1 e3 31. Nxe3 Rxe3 32. Qd2 h6 33. Bd3 Re2 34. Qxg5+ hxg5 35. Bxe2 fxe2 36. Nd3 Ba4 37. Ne1 Rxd6 38. Kg3 Rd1 39. Kf2 Bb3 40. Kxe2 Rxe1+ 41. Kxe1 Bxc4 42. Kd2 Be6 43. Ke3 Kf7 44. Ke4 Kf6 45. Ke3 Ke5 46. Kf3 Bd5+ 47. Kg3 Ke4 48. h4 gxh4+ 49. Kxh4 Bf7 50. Kg5 Kd3 51. Kf6 Be8 52. g5 Kc2 53. Ke7 Bh5 54. Kd6 Kxb2 55. a4 c4 56. Kc6 c3 57. Kb7 c2 58. Kxa7 c1=Q 59. Kxb6 Qxg5 60. a5 Bf3 61. a6 Qd5 62. a7 Qc6+ 63. Ka5 Be2 64. a8=Q Qb5# 0-1


[Site "https://www.chess.com"]

[Event "Titled Tuesday Blitz June 21 Early 2022"]
[White "Lashkin, Jegor"]
[Black "Kozlov, Oleg"]
[WhiteFideId "13907808"]
[BlackFideId "4104544"]
[WhiteElo "2368"]
[BlackElo "2132"]
[Result "1-0"]
[Round "02"]
[TimeControl "180+1"]
[Date "2022.06.21"]
[WhiteClock "0:00:07"]
[BlackClock "0:00:09"]

1. d4 Nf6 2. c4 e6 3. Nf3 b6 4. a3 Bb7 5. Nc3 d5 6. cxd5 exd5 7. Bg5 Be7 8. e3 O-O 9. Bd3 c5 10. O-O Nbd7 11. Rc1 h6 12. Bh4 a6 13. Qc2 c4 14. Bf5 Re8 15. Ne5 Nf8 16. a4 Qc7 17. b3 N6d7 18. Bg3 Bd6 19. bxc4 dxc4 20. f4 g6 21. Be4 Rac8 22. Nd5 Qd8 23. Rcd1 b5 24. axb5 axb5 25. f5 g5 26. f6 Nxe5 27. dxe5 Bxe5 28. Ne7+ Rxe7 29. Rxd8 Bxf6 30. Rxc8 Bxe4 31. Qf2 Bg7 32. Bd6 Rd7 33. Bxf8 Bxf8 34. Qf6 Bg6 35. Qc6 Re7 36. Qxb5 Bd3 37. Rxc4 Bxf1 38. Kxf1 Rxe3 39. Rc8 Re6 40. Qb8 Rf6+ 41. Kg1 Kg7 42. Rxf8 Re6 43. Rg8+ Kf6 44. h3 Ke7 45. Qd8# 1-0


[Site "https://www.chess.com"]

[Event "Titled Tuesday Blitz June 21 Early 2022"]
[White "Legenia, Artem"]
[Black "Hosseinzadeh, Nima"]
[WhiteFideId "14136945"]
[BlackFideId "12505323"]
[WhiteElo "1936"]
[BlackElo "2066"]
[Result "0-1"]
[Round "02"]
[TimeControl "180+1"]
[Date "2022.06.22"]
[WhiteClock "0:00:30"]
[BlackClock "0:00:41"]

1. d4 Nf6 2. Nf3 e6 3. e3 b6 4. Bd3 Bb7 5. O-O d5 6. b3 Bd6 7. Bb2 O-O 8. Nbd2 Ne4 9. Ne5 Nxd2 10. Qxd2 Nd7 11. f4 f6 12. Nxd7 Qxd7 13. Qe2 c5 14. a4 Rac8 15. a5 Kh8 16. Qh5 f5 17. Qe2 Qc6 18. Bb5 Qc7 19. Rfc1 c4 20. Ba3 Bxa3 21. Rxa3 cxb3 22. Rxb3 bxa5 23. Ba6 Bxa6 24. Qxa6 a4 25. Qxa4 a5 26. Rb5 Qc3 27. Qb3 Qd2 28. Rf1 Rxc2 0-1


[Site "https://www.chess.com"]

[Event "Titled Tuesday Blitz June 21 Early 2022"]
[White "Li, Zhuoling"]
[Black "Toncheva, Nadya"]
[WhiteFideId "8605629"]
[BlackFideId "2924056"]
[WhiteElo "2304"]
[BlackElo "1888"]
[Result "0-1"]
[Round "02"]
[TimeControl "180+1"]
[Date "2022.06.22"]
[WhiteClock "0:00:02"]
[BlackClock "0:00:08"]

1. e4 c5 2. Nf3 d6 3. d4 cxd4 4. Nxd4 Nf6 5. Nc3 Nc6 6. Bg5 e6 7. Qd2 a6 8. O-O-O Bd7 9. f3 b5 10. Kb1 Qc7 11. Be3 Rc8 12. g4 h6 13. h4 Ne5 14. Bd3 b4 15. Nce2 Nc4 16. Bxc4 Qxc4 17. g5 Nh5 18. b3 Qc7 19. f4 a5 20. f5 e5 21. Nf3 Bc6 22. Qd3 Qb7 23. Nd2 Bb5 24. Nc4 Qa6 25. Rhg1 Rxc4 26. bxc4 Bxc4 27. Qd2 Bxe2 28. Rde1 Bc4 29. gxh6 gxh6 30. Qd1 Nf6 31. Qf3 Qc6 32. Bc1 Qa4 33. a3 Be7 34. Bb2 Kd7 35. axb4 Rb8 36. Qa3 Qc6 37. Qxa5 Nxe4 0-1


[Site "https://www.chess.com"]